 Dungeon Crawl Stone Soup version 0.23-a0-837-ga3e6480 (console) character file.

69 bli the Slasher (level 4, -1/37 HPs)
             Began as a Barachi Fighter on Jan 24, 2019.
             Was an Initiate of Qazlal.
             Slain by Sigmund
             ... wielding a +0 scythe
              (6 damage)
             ... on level 3 of the Dungeon.
             The game lasted 00:04:19 (1549 turns).

bli the Slasher (Barachi Fighter)                   Turns: 1549, Time: 00:04:20

Health: -1/37      AC:  8    Str: 19    XL:     4   Next: 20%
Magic:  4/4        EV:  7    Int:  8    God:    Qazlal [......]
Gold:   79         SH:  0    Dex: 11    Spells: 3/3 levels left

rFire    . . .     SeeInvis .   a - +0 long sword
rCold    . . .     Gourm    .   c - +0 shield
rNeg     . . .     Faith    .   b - +0 scale mail
rPois    .         Spirit   .   (no helmet)
rElec    .         Reflect  .   e - +0 cloak
rCorr    .         Harm     .   (no gloves)
MR       .....                  (no boots)
Stlth    ..........             (no amulet)
HPRegen  0.12/turn              r - ring of flight
MPRegen  0.09/turn              (no ring)

@: confused, flying, slow
A: +LOS, swims, slowness 1, strong legs 1
a: Hop, Renounce Religion


You were on level 3 of the Dungeon.
You worshipped Qazlal.
Qazlal was noncommittal.
You were not hungry.

You visited 1 branch of the dungeon, and saw 3 of its levels.

You collected 79 gold pieces.

Inventory:

Hand Weapons
 a - a +0 long sword (weapon)
Missiles
 h - 16 sling bullets
 k - 59 stones (quivered)
Armour
 b - a +0 scale mail (worn)
 c - a +0 shield (worn)
 e - a +0 cloak (worn)
 q - a +0 plate armour
Jewellery
 r - a ring of flight (left hand)
Scrolls
 g - 2 scrolls of blinking {unknown}
 i - 4 scrolls of identify {unknown}
 l - 2 scrolls of remove curse {unknown}
Potions
 d - a potion of might
 m - a potion of lignification {unknown}
 n - a potion of berserk rage {unknown}
Comestibles
 f - 6 rations
 o - a chunk of flesh


   Skills:
 - Level 4.0 Fighting
 * Level 5.0 Long Blades
 - Level 3.6 Armour
 - Level 3.2 Shields


You had 3 spell levels left.
You didn't know any spells.
Your spell library was empty.

Dungeon Overview and Level Annotations

Branches:
Dungeon (3/15)

Altars:
Qazlal
Xom

Annotations:
D:3 Sigmund


Innate Abilities, Weirdness & Mutations

Shadows flee at your approach. (+LOS)
You can swim through water.
You cover ground slowly.
You can hop short distances.


Message History

Something hits you!
There is a stone staircase leading up, spattered with blood here.
Something hits you but does no damage.
There is a stone staircase leading up, spattered with blood here.
Unknown command.
Something hits you but does no damage. Something hits you.
There is a stone staircase leading up, spattered with blood here.
You hear some strange, mumbled words.
You are more confused.
You're too confused to move!
Something hits you. Something completely misses you.
There is a stone staircase leading up, spattered with blood here.
You miss something. Something hits you!
* * * LOW HITPOINT WARNING * * *
It was a potion of flight.
You feel very buoyant.
You fly up into the air.
Something hits you.
You die...

# #. ##### #
#####.##...######.##
............#[....[.
# #.............
.#...##..<{†#.###.#
..........@†..#
##...########)# ##.
.# # .. .#. .... .#
#. .. .. ## ⌠.


There were no monsters in sight!

Vanquished Creatures
  3 adders (D:2)
  An ooze (D:3)
  A dart slug (D:1)
  2 leopard geckos (D:2)
  An orc (D:3)
  3 giant cockroaches
  3 goblins (D:2)
  A hobgoblin (D:1)
  11 kobolds
  3 bats
  5 frilled lizards
  3 rats
37 creatures vanquished.

Notes
Turn   | Place    | Note
-------+----------+-------------------------------------------
     0 | D:1      | bli the Barachi Fighter began the quest for the Orb.
     0 | D:1      | Reached XP level 1. HP: 18/18 MP: 1/1
   305 | D:1      | Reached skill level 3 in Long Blades
   392 | D:1      | Reached XP level 2. HP: 19/25 MP: 2/2
   868 | D:2      | Reached XP level 3. HP: 23/30 MP: 3/3
   896 | D:2      | Reached skill level 4 in Long Blades
   932 | D:2      | Found a stormy altar of Qazlal.
   935 | D:2      | Noticed a fire elemental
   935 | D:2      | Noticed a water elemental
   936 | D:2      | Noticed an earth elemental
   936 | D:2      | Noticed an air elemental
   948 | D:2      | Became a worshipper of Qazlal Stormbringer
  1218 | D:2      | Found a shimmering altar of Xom.
  1450 | D:2      | Reached XP level 4. HP: 36/37 MP: 4/4
  1508 | D:3      | Reached skill level 5 in Long Blades
  1509 | D:3      | Noticed Sigmund
  1549 | D:3      | Slain by Sigmund

Vault maps used:
D:1:      dpeg_arrival_erosion
D:2:      nicolae_qazlal_style_of_elements, overflow_temple_1_default,
          first_ration
D:3:      nemelex_xobeh_ov_fountains_minmay, grunt_temple_overflow_diamond,
          amethyst_killhole, uniq_sigmund, uniq_robin, uniq_jessica

Skill      XL: |  1  2  3  4 |
---------------+-------------+-----
Long Blades    | 3 4 5 |  5.0
Fighting       | 4 |  4.0
Armour         | |  3.6
Shields        | |  3.2

Action                   |  1- 3 |  4- 6 || total
-------------------------+-------+-------++-------
Melee: Long sword        |   146 |    34 ||   180
  Use: Potion            |       |     2 ||     2
  Eat: Chunk             |     3 |       ||     3
Armor: Scale mail        |    84 |    33 ||   117
Dodge: Dodged            |    47 |    16 ||    63
Block: Shield            |   123 |    16 ||   139
       Rpst.: Long sword |    13 |     5 ||    18

Table legend:
 A = Non-vault XP
 B = Vault XP
 C = Vault XP percentage of total XP
 D = Non-vault monster count
 E = Vault monster count
 F = Vault count percentage of total count
                 A         B        C        D         E       F
            +---------+---------+-------+---------+---------+-------
      Total |      99 |       0 |   0.0 |      37 |       0 |   0.0
            +---------+---------+-------+---------+---------+-------
        D:1 |      20 |       0 |   0.0 |      14 |       0 |   0.0
        D:2 |      65 |       0 |   0.0 |      19 |       0 |   0.0
        D:3 |      14 |       0 |   0.0 |       4 |       0 |   0.0
            +---------+---------+-------+---------+---------+-------
